 Dungeon Crawl Stone Soup version 0.22.1-6-g1668fe2c40 (webtiles) character file.

4594 Fascinator the Skirmisher (level 10, 0/118 HPs)
             Began as a Demonspawn Fighter on Jan 27, 2019.
             Was a Priest of Makhleb.
             Slain by an orc warrior
             ... wielding a +0 glaive
              (9 damage)
             ... in a bailey.
             The game lasted 00:21:21 (7164 turns).

Fascinator the Skirmisher (Demonspawn Fighter)      Turns: 7164, Time: 00:21:23

Health: 0/118      AC: 14    Str: 21 (22) XL:     10   Next: 19%
Magic:  14/14      EV: 13    Int:  9 (10) God:    Makhleb [***...]
Gold:   449        SH: 11    Dex: 16 (19) Spells: 9/9 levels left

rFire    + . .     SeeInvis .   s - +4 mace (crush)
rCold    . . .     Gourm    .   c - +0 shield
rNeg     . . .     Faith    .   t - +4 scale mail {rF+}
rPois    .         Spirit   .   w - +2 hat
rElec    .         Reflect  .   (no cloak)
rCorr    .         Harm     .   b - +0 pair of gloves
MR       .....                  (no boots)
Stlth    ..........             q - amulet of rage
HPRegen  0.69/turn              z - +3 ring of evasion
MPRegen  0.14/turn              (no ring)

@: mighty, berserking (expiring), very quick
A: talons 2, thin skeletal structure 2, deterioration 1, regeneration 1
a: Minor Destruction, Lesser Servant of Makhleb, Renounce Religion, Evoke
Berserk Rage


You were in a bailey.
You worshipped Makhleb.
Makhleb was most pleased with you.
You were hungry.

You visited 2 branches of the dungeon, and saw 9 of its levels.
You also visited: Bailey.

You collected 554 gold pieces.
You spent 105 gold pieces at shops.

Inventory:

Hand Weapons
 i - a +2 short sword of draining
 s - a +4 mace of crushing (weapon)
Armour
 b - a +0 pair of gloves (worn)
 c - a +0 shield (worn)
 t - a +4 scale mail of fire resistance (worn)
 w - a +2 hat (worn)
 A - a +0 plate armour
Jewellery
 j - an uncursed ring of flight {unknown}
 q - an amulet of rage (around neck)
 z - a +3 ring of evasion (left hand)
Wands
 m - a wand of flame (37)
 x - a wand of scattershot (8)
Scrolls
 e - a scroll of amnesia
 g - 9 scrolls of remove curse
 h - a scroll of enchant armour
 k - 2 scrolls of blinking
 n - 5 scrolls of identify
 v - 2 scrolls of enchant weapon {unknown}
 y - 4 scrolls of teleportation {unknown}
Potions
 a - 4 potions of curing
 p - a potion of ambrosia {unknown}
 r - 2 potions of cancellation {unknown}
Comestibles
 f - 14 rations
 l - 4 chunks of flesh


   Skills:
 * Level 7.6 Fighting
   Level 1.7(4.3) Axes
 + Level 6.3(6.4) Maces & Flails
 + Level 5.2 Armour
 + Level 3.2 Dodging
 - Level 1.9 Stealth
 + Level 6.1 Shields
 * Level 6.6 Invocations
 * Level 3.9 Evocations


You had 9 spell levels left.
You didn't know any spells.
Your spell library contained the following spells:

 Spells                   Type           Power        Failure   Level  Hunger
 Beastly Appendage        Tmut           #.....       97%         1    ##.....
 Sticks to Snakes         Tmut           #.......     99%         2    ###....
 Spider Form              Tmut/Pois      #.........   100%        3    ####...
 Ice Form                 Ice/Tmut       #.......     100%        4    #####..
 Blade Hands              Tmut           #.........   100%        5    ######.


Dungeon Overview and Level Annotations

Branches:
Dungeon (8/15)             Temple (1/1) D:4
   Lair: D:8-11

Altars:
Ashenzari
Cheibriados
Dithmenos
Elyvilon
Fedhas
Gozag
Hepliaklqana
Kikubaaqudgha
Makhleb
Nemelex Xobeh
Okawaru
Qazlal
Ru
Sif Muna
Trog
Uskayaw
Vehumet
Wu Jian
Xom
Yredelemnul
Zin
The Shining One

Shops:
D:5 ?


Innate Abilities, Weirdness & Mutations

You have razor-sharp toenails.
You have a moderately thin skeletal structure. (Dex +4, Stealth+)
Your body sometimes deteriorates upon taking damage.
Your natural rate of healing is unusually fast.


Message History

You feel better.
The orc warrior hits you from afar with a trident!
* * * LOW HITPOINT WARNING * * *
Your body deteriorates!
You feel weakened. The orc misses you. The orc warrior misses you.
You block the orc warrior's attack.
There is an open door, spattered with blood here.
Items here: )) [ † a halberd; a plate armour; a war axe; an orc corpse Your scale mail prevents you from hitting the orc warrior.
You block the orc's attack. The orc warrior misses you.
The orc barely misses you.
You hit the orc warrior. Your kick misses the orc warrior.
The orc warrior is lightly wounded.
You block the orc warrior's attack.
The orc warrior hits you with a halberd!
* * * LOW HITPOINT WARNING * * *
You block the orc's attack.
The orc warrior hits you from afar with a glaive!
You die...

#.......#
#.......#
##.....##
###'###
#...#
#...#
#...#
#...#
###@###


#ooooo# #..oooo.# #.......# #.......# #.......# #.......# ##.....## ##'''## You
could see 3 orc warriors and 6 orcs.

Vanquished Creatures
  A two-headed ogre (D:8)
  A gargoyle (D:8)
  A hungry ghost (D:8)
  6 orc warriors
  A phantom (D:4)
  An eye of draining (D:8)
  An ogre (D:5)
  8 centaurs
  A bullfrog (D:5)
  4 scorpions
  16 killer bees
  4 howler monkeys
  A bullfrog zombie (D:7)
  A crimson imp (D:6)
  7 orc priests
  A centaur skeleton (D:7)
  A gnoll shaman (D:8)
  3 hounds
  5 orc wizards
  A bullfrog skeleton (D:6)
  Jessica (D:2)
  Terence (D:3)
  An iguana (D:5)
  A worker ant (D:4)
  A hound skeleton (D:6)
  7 adders
  A shadow imp (D:8)
  2 oozes
  An adder skeleton (D:2)
  4 worms
  5 dart slugs
  3 leopard geckos
  39 orcs
  12 giant cockroaches
  9 goblins
  4 hobgoblins
  2 jackals (D:6)
  4 quokkas
  3 ball pythons
  10 bats
  3 frilled lizards
  A jackal zombie (D:6)
  8 kobolds
  3 rats
191 creatures vanquished.

Notes
Turn   | Place    | Note
-------+----------+-------------------------------------------
     0 | D:1      | Fascinator the Demonspawn Fighter began the quest for the
                  | Orb.
     0 | D:1      | Reached XP level 1. HP: 18/18 MP: 1/1
   142 | D:1      | Gained mutation: You have a somewhat thin skeletal
                  | structure. (Dex +2, Stealth) [demonic ancestry]
   142 | D:1      | Reached XP level 2. HP: 23/24 MP: 2/2
   888 | D:2      | Reached XP level 3. HP: 28/30 MP: 3/3
   910 | D:2      | Noticed Jessica
   920 | D:2      | Killed Jessica
   920 | D:2      | Reached skill level 4 in Fighting
  1101 | D:2      | Gained mutation: You have a moderately thin skeletal
                  | structure. (Dex +4, Stealth+) [demonic ancestry]
  1101 | D:2      | Reached XP level 4. HP: 36/37 MP: 4/4
  1825 | D:3      | Noticed Terence
  1834 | D:3      | Killed Terence
  1940 | D:3      | Gained mutation: You have sharp toenails. [demonic
                  | ancestry]
  1940 | D:3      | Reached XP level 5. HP: 43/43 MP: 5/5
  1945 | D:3      | Reached skill level 1 in Dodging
  1955 | D:3      | Gained mutation: Your body sometimes deteriorates upon
                  | taking damage. [potion of mutation]
  1955 | D:3      | Gained mutation: Your skin changes colour to match your
                  | surroundings (Stealth+). [potion of mutation]
  2547 | D:3      | Reached XP level 6. HP: 50/50 MP: 6/6
  2993 | D:4      | Reached skill level 1 in Maces & Flails
  3306 | D:4      | Noticed an orc warrior
  3327 | D:4      | Killed an orc warrior
  3327 | D:4      | Reached skill level 5 in Fighting
  3327 | D:4      | Reached skill level 1 in Stealth
  3342 | D:4      | Reached XP level 7. HP: 56/56 MP: 7/7
  3545 | D:4      | Found a staircase to the Ecumenical Temple.
  3554 | Temple   | Entered the Ecumenical Temple
  3555 | Temple   | Lost mutation: Your body sometimes deteriorates upon taking
                  | damage. [potion of mutation]
  3555 | Temple   | Lost mutation: Your skin changes colour to match your
                  | surroundings (Stealth+). [potion of mutation]
  3555 | Temple   | Gained mutation: Your body sometimes deteriorates upon
                  | taking damage. [potion of mutation]
  3555 | Temple   | Gained mutation: Your natural rate of healing is unusually
                  | fast. [potion of mutation]
  3569 | Temple   | Became a worshipper of Makhleb the Destroyer
  4426 | D:5      | Entered Level 5 of the Dungeon
  4483 | D:5      | Reached skill level 1 in Invocations
  4667 | D:5      | Gained mutation: You have razor-sharp toenails. [demonic
                  | ancestry]
  4667 | D:5      | Reached XP level 8. HP: 49/63 MP: 9/9
  4765 | D:5      | Found a deep blue altar of Sif Muna.
  4802 | D:5      | Found Caesed's Magic Scroll Shoppe.
  4810 | D:5      | Bought a scroll of blinking for 105 gold pieces
  5231 | D:6      | Found a shadowy altar of Dithmenos.
  5589 | D:6      | Reached * piety under Makhleb
  5653 | D:6      | Reached skill level 6 in Fighting
  5653 | D:6      | Reached skill level 1 in Evocations
  6192 | D:7      | Reached skill level 5 in Maces & Flails
  6192 | D:7      | Reached skill level 5 in Shields
  6460 | D:7      | Reached XP level 9. HP: 69/69 MP: 12/12
  6495 | D:7      | Reached ** piety under Makhleb
  6693 | D:7      | Reached skill level 5 in Invocations
  6790 | D:8      | Noticed a gargoyle
  6797 | D:8      | Killed a gargoyle
  6834 | D:8      | Noticed a two-headed ogre
  6844 | D:8      | Killed a two-headed ogre
  6844 | D:8      | Reached skill level 7 in Fighting
  6844 | D:8      | Reached skill level 5 in Armour
  6911 | D:8      | Reached XP level 10. HP: 53/79 MP: 4/14
  7052 | D:8      | Found a flagged portal.
  7061 | Bailey   | Entered a bailey
  7114 | Bailey   | Reached *** piety under Makhleb
  7164 | Bailey   | Slain by an orc warrior

Skill      XL: |  1  2  3  4  5  6  7  8  9 |
---------------+----------------------------+-----
Shields        | 3 4 5 6 |  6.1
Fighting       | 4 5 6 7 |  7.6
Armour         | 3 4 5 |  5.2
Dodging        | 1 2 3 |  3.2
Maces & Flails | 2 3 5 6 |  6.3
Stealth        | 1 |  1.9
Invocations    | 2 4 6 |  6.6
Evocations     | 1 3 |  3.9
Axes           | |  1.7

Action                   |  1- 3 |  4- 6 |  7- 9 | 10-12 || total
-------------------------+-------+-------+-------+-------++-------
Melee: War axe           |    61 |       |       |       ||    61
       Short sword       |    31 |    53 |       |       ||    84
       Mace              |       |    81 |   307 |    78 ||   466
       Kick              |       |    18 |   107 |    22 ||   147
Invok: Minor Destruction |       |       |       |     2 ||     2
 Abil: Evoke Berserk Rag |       |       |       |     2 ||     2
  Use: Scroll            |       |     1 |     7 |       ||     8
       Potion            |       |     4 |     3 |     1 ||     8
 Stab: Sleeping          |       |     5 |     3 |       ||     8
       Distracted        |       |     1 |       |     1 ||     2
  Eat: Chunk             |       |     8 |     7 |     1 ||    16
       Ration            |       |       |     1 |     1 ||     2
Armor: Scale mail        |    43 |    50 |   170 |    25 ||   288
       Chain mail        |       |     2 |       |       ||     2
       Skin              |       |     6 |       |       ||     6
Dodge: Dodged            |    31 |    35 |   214 |    57 ||   337
Block: Shield            |    50 |    59 |   227 |    62 ||   398
